Map: Deathaura LE

Players

A.I. 1 (Very Hard)

  • Race: Protoss Protoss
  • Spawn Location: 11:00

jheffe - Winner!

  • Race: Terran Terran
  • League: Master
  • Spawn Location: 5:00

VOD

Have the link to the VOD?

Description

Time

  • Played on: March 6, 2021, 7:18 p.m.
  • Length: 10:41
Show
View Real Time Build Order
Export as new Build Order

A.I. 1 (Very Hard) Protoss 

Build Orders: Colossus Rush 

Get SALT Encoding   

  12  0:00  Probe  
  13  0:13  Probe  
  14  0:20  Pylon  
  14  0:25  Probe  
  15  0:34  Probe  
  15  0:42  Probe  
  16  0:47  Assimilator  
  17  0:50  Gateway  
  17  0:52  Probe  
  18  1:00  Probe  
  18  1:01  Pylon  
  19  1:08  Probe  
  20  1:18  Probe  
  21  1:36  Gateway  
  21  1:38  Probe, Zealot  
  24  1:43  Cybernetics Core  
  24  1:48  Pylon  
  24  1:50  Probe  
  25  2:00  Probe  
  25  2:06  Zealot  
  25  2:08  Probe  
  28  2:11  Assimilator  
  29  2:16  Probe  
  29  2:19  Warp Gate  
  29  2:23  Adept  
  29  2:28  Probe  
  32  2:32  Adept  
  33  2:40  Probe  
  33  2:48  Pylon  
  33  2:52  Probe  
  33  2:57  Adept, Sentry  
  36  3:05  Probe  
  39  3:17  Probe  
  40  3:28  Nexus  
  40  3:29  Probe  
  41  3:38  Stalker  
  41  3:41  Probe  
  44  3:53  Probe  
  44  3:55  Robotics Facility  
  45  4:04  Probe  
  46  4:12  Probe  
  47  4:17  Pylon  
  47  4:35  Adept, Probe  
  50  4:40  Adept, Probe  
  53  4:47  Probe  
  53  4:52  Probe  
  55  4:54  Adept  
  55  4:56  Robotics Bay  
  55  4:57  Observer  
  55  4:59  Probe  
  59  5:04  Probe  
  60  5:08  Robotics Facility  
  60  5:11  Probe  
  60  5:12  Pylon  
  61  5:14  Stalker  
  61  5:16  Probe  
  61  5:18  Stalker  
  66  5:23  Probe  
  66  5:26  Pylon  
  67  5:28  Probe  
  67  5:34  Probe  
  69  5:37  Colossus  
  69  5:40  Probe  
  70  5:43  Probe  
  70  5:45  Stalker  
  70  5:47  Assimilator  
  79  5:52  Twilight Council  
  79  5:59  Pylon  
  79  6:06  Assimilator  
  79  6:13  Probe  
  79  6:14  Probe  
  79  6:15  Pylon  
  81  6:21  Pylon  
  81  6:25  Probe, Zealot  
  84  6:28  Probe, Zealot  
  84  6:30  Dark Shrine  
  87  6:37  Probe  
  88  6:40  Probe  
  88  6:45  Zealot  
  69  6:48  Stalker  
  57  6:55  Adept, Probe, Stalker  
  57  6:58  Probe  
  57  7:00  Pylon  
  29  7:10  Probe, Sentry  
  26  7:18  Stalker  
  26  7:22  Probe  
  21  7:32  Zealot  
  21  7:34  Probe  
  21  7:36  Zealot  
  20  7:53  Zealot  
Show
View Real Time Build Order
Export as new Build Order

jheffe Terran - Winner!

Build Orders: Reaper Expand 

Get SALT Encoding   

  12  0:00  SCV  
  13  0:12  SCV  
  14  0:17  Supply Depot  
  14  0:25  SCV  
  15  0:39  SCV  
  15  0:40  Barracks  
  16  0:45  Refinery  
  16  0:51  SCV  
  17  1:03  SCV  
  18  1:15  SCV  
  19  1:27  Reaper  
  19  1:28  Orbital Command  
  20  1:41  Command Center  
  20  1:50  Supply Depot  
  20  1:53  SCV  
  21  1:59  Marine  
  22  2:06  SCV  
  23  2:09  Factory  
  23  2:15  Bunker  
  23  2:18  SCV  
  23  2:22  Barracks Reactor  
  24  2:24  Refinery  
  24  2:30  SCV  
  25  2:43  SCV  
  26  2:54  Starport, Hellion, Orbital Command  
  26  2:55  SCV  
  29  3:00  Marine  
  29  3:01  Marine  
  31  3:07  SCV  
  31  3:12  Barracks  
  32  3:16  Factory Tech Lab  
  32  3:19  Marine x2  
  33  3:21  SCV  
  33  3:24  SCV  
  36  3:33  Barracks, SCV  
  37  3:36  SCV  
  37  3:39  Raven  
  40  3:42  Factory Tech Lab  
  40  3:45  Supply Depot  
  40  3:46  SCV  
  41  3:48  SCV  
  41  3:52  Marine x2  
  44  3:59  SCV  
  44  4:00  SCV  
  46  4:06  Stimpack  
  46  4:07  Marauder  
  46  4:08  Supply Depot  
  48  4:11  Marine x2  
  48  4:12  SCV  
  48  4:13  SCV  
  52  4:23  Engineering Bay  
  52  4:25  Refinery, SCV  
  52  4:26  SCV  
  52  4:29  Factory Reactor  
  52  4:30  Supply Depot  
  54  4:32  Starport Reactor  
  54  4:33  Marine x2  
  54  4:35  Marine  
  54  4:37  SCV  
  54  4:38  Marine  
  59  4:40  SCV  
  60  4:49  Terran Infantry Weapons Level 1, SCV  
  60  4:52  Refinery  
  61  4:53  Marine x2  
  61  4:54  Supply Depot  
  61  4:55  Marauder  
  61  4:57  Marauder  
  61  4:59  SCV  
  69  5:07  SCV  
  69  5:09  Supply Depot  
  69  5:11  Combat Shield, SCV  
  70  5:17  Marauder  
  70  5:18  Marauder  
  70  5:19  Marine, SCV  
  76  5:21  Marine  
  76  5:23  SCV  
  76  5:25  Supply Depot  
  78  5:32  Medivac x2  
  82  5:36  Widow Mine x2  
  82  5:37  Supply Depot  
  86  5:47  Marine x2, Marauder x2  
  86  5:49  Supply Depot  
  92  5:59  Concussive Shells  
  92  6:03  Supply Depot  
  92  6:05  Marine x2  
  92  6:06  Medivac  
  92  6:07  Medivac  
  92  6:09  Marauder x2  
  102  6:13  Widow Mine x2, Supply Depot  
  106  6:23  Marine x2  
  108  6:26  Command Center  
  108  6:30  Marauder  
  110  6:35  Marauder  
  112  6:43  Terran Infantry Armor Level 1  
  106  6:47  Marine  
  106  6:50  Supply Depot  
  106  6:51  Barracks  
  106  6:52  Marauder, Barracks, SCV  
  109  6:56  Marauder  
  109  6:58  SCV  
  112  7:03  Medivac x2  
  112  7:04  SCV  
  112  7:05  Widow Mine  
  112  7:06  Widow Mine  
  121  7:11  SCV  
  121  7:12  Supply Depot  
  121  7:13  Marine  
  123  7:16  SCV  
  123  7:20  Marine  
  123  7:21  Marauder  
  123  7:22  Marauder  
  129  7:24  SCV  
  129  7:28  SCV  
  131  7:31  Widow Mine  
  131  7:34  Widow Mine, Viking  
  131  7:37  SCV  
  138  7:42  SCV  
  139  7:47  Barracks Tech Lab, Supply Depot, Barracks Reactor  
  139  7:49  Supply Depot  
  139  7:50  Ghost Academy  
  139  7:51  SCV  
  139  7:56  Marine x2, Marauder x2  
  139  7:57  Orbital Command  
  146  7:59  SCV  
  146  8:01  Viking  
  146  8:04  Viking  
  151  8:12  SCV x2  
  153  8:15  Marine x2  
  153  8:19  Ghost x3  
  161  8:31  Marine x2  
  161  8:32  SCV x3  
  166  8:35  Supply Depot  
  166  8:36  Supply Depot  
  166  8:38  Marine x2  
  172  8:43  Viking x2  
  172  8:51  Marine  
  173  8:56  Refinery, Marine, SCV x2  
  173  8:57  Refinery  
  173  8:58  Command Center  
  173  8:59  Supply Depot  
  176  9:03  Armory  
  176  9:04  Engineering Bay  
  176  9:06  SCV  
  176  9:08  Missile Turret, SCV x2  
  176  9:09  Missile Turret  
  179  9:11  Enhanced Shockwaves  
  179  9:18  Medivac x2, SCV  
  179  9:22  SCV x2  
  186  9:25  Marauder x2  
  186  9:27  Marauder  
  186  9:28  Marine x2  
  186  9:30  Marine  
  195  9:31  Marine  
  196  9:45  Marine  
  196  9:46  Starport  
  196  9:48  Marauder  
  199  10:00  Barracks  
  199  10:01  Barracks  
  199  10:02  Barracks  
  199  10:27  Missile Turret  
  199  10:30  Missile Turret x3  
  199  10:34  Command Center  
Tags
 
League
Master
Matchup
PvT
Player
jheffe
Spawn Locations
Cross Positions
Add a new tag
Caveats
  • Supply blocks, unpowered buildings, or Contaminate may cause inaccurate times.
  • Supply counts are checked every 10 seconds.